AoeStats
← loki

Arena

510075429Analyzed
1v1 RM · 3d ago on Sep 29, 2026· 37m 50s· 2 players
Game mode
Random Map
Map size
Tiny (2 player)
Population
200
Speed
Normal
Resources
Standard
Victory
Conquest
Starting age
Dark Age
Ending age
Imperial Age
RankedLock teamsTeams togetherTeam positionsShared explorationLock speedFull tech treeHidden civsTurbo modeCheats
Victory
Defeat
🇦🇺 Mongols · Australia
923
+18
🇮🇳 Burgundians · India
957
-53
scalpel0011
11:16 Feudal Age
13:37 Double-Bit Axe
13:48 Horse Collar
16:14 Castle Age
16:23 Forging
17:59 Scale Barding Armor
20:08 Gold Mining
21:44 Fletching
23:11 Wheelbarrow
22:53 Padded Archer Armor
24:00 Loom
25:52 Bloodlines
28:05 Ballistics
27:50 Bodkin Arrow
29:27 Bow Saw
30:29 Hand Cart
32:15 Chain Barding Armor
31:43 Man-at-Arms
32:28 Long Swordsman
33:20 Pikeman
35:00 Scale Mail Armor
loki
2:49 Loom
13:56 Feudal Age
13:15 Double-Bit Axe
13:16 Horse Collar
14:49 Gold Mining
14:50 Stone Mining
19:06 Man-at-Arms
19:32 Arson
23:23 Stone Shaft Mining
23:28 Gold Shaft Mining
23:34 Scale Mail Armor
23:47 Forging
28:35 Castle Age
27:15 Heavy Plow
27:32 Bow Saw
27:16 Fletching
27:34 Scale Barding Armor
29:55 Husbandry
30:53 Chain Barding Armor
31:05 Squires
30:26 Long Swordsman
Connection lost

Rejoining the realm…

Still unreachable

The connection could not be restored.

Session expired

The server has moved on; the page needs a fresh start.